AoeStats
← hadogear

Migration

509126565Analyzed
1v1 RM · 6d ago on Sep 25, 2026· 84m 48s· 2 players
Game mode
Random Map
Map size
132×132
Population
200
Speed
Normal
Resources
Standard
Victory
Conquest
Starting age
Dark Age
Ending age
Imperial Age
RankedLock teamsTeams togetherTeam positionsShared explorationLock speedFull tech treeHidden civsTurbo modeCheats
Victory
Defeat
🇪🇸 Sicilians · Spain
173
+26
🇮🇹 Italians · Italy
432
-26
hadogear
2:45 Loom
12:38 Feudal Age
13:33 Double-Bit Axe
15:49 Horse Collar
16:10 Fishing Lines
20:34 Arson
21:02 Gold Mining
24:23 Castle Age
23:15 Stone Mining
24:28 Fletching
24:40 Scale Mail Armor
26:05 Wheelbarrow
25:25 Pikeman
29:04 Town Watch
31:40 Bodkin Arrow
31:51 Squires
38:50 First Crusade
40:00 Ballistics
39:37 Murder Holes
43:29 Gold Shaft Mining
47:18 Imperial Age
46:12 Hand Cart
47:28 Bow Saw
49:26 First Crusade
49:50 Halberdier
53:37 Cavalier
56:14 Scale Barding Armor
56:24 Forging
57:23 Conscription
57:44 Chain Barding Armor
63:29 Medium Warships
64:49 Siege Engineers
66:00 Chemistry
65:21 Ballistics
66:05 Husbandry
66:16 Bloodlines
68:51 Iron Casting
68:52 Plate Barding Armor
69:16 Careening
69:17 Clinker Construction
70:26 Heavy Warships
70:37 Man-at-Arms
77:14 Town Patrol
78:43 Shipwright
78:49 Dry Dock
78:15 Arrowslits
78:21 Heated Shot
78:52 Carvel Hull
78:45 Masonry
80:01 Blast Furnace
81:19 Elite Serjeant
83:18 Bracer
Sirfide
13:28 Feudal Age
16:10 Double-Bit Axe
19:30 Horse Collar
22:11 Castle Age
20:48 Wheelbarrow
20:33 Forging
20:23 Scale Mail Armor
20:28 Scale Barding Armor
20:13 Fletching
20:23 Padded Archer Armor
21:30 Gold Mining
21:30 Stone Mining
23:01 Heavy Plow
23:20 Bow Saw
23:47 Stone Shaft Mining
24:46 Iron Casting
24:26 Chain Mail Armor
25:46 Chain Mail Armor
25:55 Chain Barding Armor
28:06 Hand Cart
29:15 Silk Road
30:48 Fishing Lines
Connection lost

Rejoining the realm…

Still unreachable

The connection could not be restored.

Session expired

The server has moved on; the page needs a fresh start.